[ AOE2 MATCH · #505986352 ]
UnrankedKhmer vs Bengalis
Player's team · LOSS
Rival team · WIN
[ REPLAY ANALYSIS · EXTRACTED FROM THE RECORDED GAME ]
Feudal
9:12
Castle
21:33
Imperial
—
| APM avg | 60.9 |
| APM peak | 88 |
| eAPM avg | 25.3 |
| Villagers / military | 53 / 29 |
Focus
⚔️ 36.5% · 🌾 63.5%
Archer ×20 · Scout Cavalry ×9
Feudal
10:44
Castle
16:17
Imperial
—
| APM avg | 31.9 |
| APM peak | 110 |
| eAPM avg | 16.9 |
| Villagers / military | 28 / 19 |
Focus
⚔️ 30.2% · 🌾 69.8%
Monk ×13 · Mangonel ×4 · Scorpion ×1 · Armored Elephant ×1
Match map
Initial resources + every placement click. Lines = walls · curves = elevation contours. ◆ gold · ⬟ stone · ● berries · ✦ relic · ◌ wall gap
Your base· ✓ Closed at 21:33 · 50t walls · 1 gate(s)
Shoskid's base· Open — 5t gap
Smoothed initial terrain · ◌ = detected wall gap · hover for details
Inputs per minute
— Young Carter - - Shoskid
Build order — Young Carter
First 150 of 162 actions detected
| 0:00 | Create | Villager (Male) |
| 0:01 | Create | Villager (Male) |
| 0:01 | Create | Villager (Male) |
| 0:02 | Build | House |
| 0:04 | Build | House |
| 0:08 | Create | Villager (Male) |
| 1:09 | Create | Villager (Male) |
| 2:00 | Create | Villager (Male) |
| 2:08 | Build | Lumber Camp |
| 2:23 | Create | Villager (Male) |
| 2:42 | Create | Villager (Male) |
| 2:55 | Create | Villager (Male) |
| 3:08 | Create | Villager (Male) |
| 3:26 | Build | House |
| 4:10 | Create | Villager (Male) |
| 4:12 | Create | Villager (Male) |
| 4:54 | Create | Villager (Male) |
| 5:11 | Build | Palisade Wall |
| 5:11 | Build | Palisade Wall |
| 5:12 | Build | Palisade Wall |
| 5:24 | Create | Villager (Male) |
| 5:36 | Build | Mill |
| 5:40 | Build | Palisade Wall |
| 5:41 | Build | Palisade Wall |
| 5:41 | Build | Palisade Wall |
| 5:45 | Build | Palisade Wall |
| 5:59 | Research | Loom |
| 6:33 | Create | Villager (Male) |
| 7:02 | Research | Feudal Age |
| 7:02 | Research | Feudal Age |
| 7:38 | Build | Mining Camp |
| 8:00 | Create | Villager (Male) |
| 8:26 | Create | Villager (Male) |
| 8:26 | Create | Villager (Male) |
| 9:10 | Build | House |
| 9:12 | Age | Feudal Age |
| 9:14 | Build | Archery Range |
| 9:14 | Research | Double-Bit Axe |
| 9:23 | Build | Watch Tower |
| 9:31 | Create | Villager (Male) |
| 9:36 | Build | Mill |
| 9:39 | Create | Villager (Male) |
| 9:49 | Create | Archer |
| 9:55 | Build | House |
| 10:15 | Create | Archer |
| 10:19 | Create | Villager (Male) |
| 10:21 | Build | Farm |
| 10:25 | Build | Palisade Wall |
| 10:25 | Build | Palisade Wall |
| 10:59 | Create | Villager (Male) |
| 11:03 | Build | House |
| 11:08 | Create | Archer |
| 11:11 | Create | Villager (Male) |
| 11:13 | Create | Villager (Male) |
| 11:17 | Build | House |
| 11:18 | Build | Blacksmith |
| 11:23 | Build | Watch Tower |
| 11:26 | Create | Archer |
| 11:44 | Build | Watch Tower |
| 11:46 | Create | Villager (Male) |
| 12:00 | Build | Farm |
| 12:00 | Create | Archer |
| 12:09 | Build | House |
| 12:22 | Build | Watch Tower |
| 12:25 | Create | Archer |
| 12:28 | Create | Villager (Male) |
| 12:36 | Create | Villager (Male) |
| 12:39 | Build | House |
| 12:40 | Create | Archer |
| 13:03 | Build | Watch Tower |
| 13:10 | Create | Archer |
| 13:10 | Create | Archer |
| 13:13 | Build | House |
| 13:15 | Build | Palisade Wall |
| 13:15 | Build | Palisade Wall |
| 13:17 | Create | Villager (Male) |
| 13:20 | Research | Fletching |
| 13:20 | Create | Villager (Male) |
| 13:22 | Create | Archer |
| 13:31 | Build | Farm |
| 13:44 | Build | Farm |
| 13:45 | Create | Villager (Male) |
| 13:51 | Create | Archer |
| 14:04 | Create | Archer |
| 14:06 | Create | Villager (Male) |
| 14:11 | Create | Villager (Male) |
| 14:13 | Build | Farm |
| 14:14 | Create | Villager (Male) |
| 14:19 | Build | House |
| 14:26 | Create | Archer |
| 14:33 | Create | Archer |
| 14:40 | Build | Palisade Wall |
| 14:47 | Create | Archer |
| 14:58 | Create | Villager (Male) |
| 15:00 | Build | Farm |
| 15:11 | Create | Villager (Male) |
| 15:12 | Build | Farm |
| 15:21 | Build | Farm |
| 15:32 | Create | Archer |
| 15:46 | Create | Villager (Male) |
| 15:46 | Create | Archer |
| 15:49 | Build | Farm |
| 15:51 | Build | Farm |
| 15:53 | Build | Farm |
| 15:59 | Create | Villager (Male) |
| 16:03 | Build | House |
| 16:05 | Build | Palisade Wall |
| 16:06 | Create | Villager (Male) |
| 16:12 | Build | Palisade Wall |
| 16:14 | Create | Villager (Male) |
| 16:16 | Create | Villager (Male) |
| 16:18 | Build | Farm |
| 16:23 | Build | Palisade Wall |
| 16:24 | Build | Palisade Wall |
| 16:26 | Build | Palisade Wall |
| 16:42 | Create | Villager (Male) |
| 16:43 | Create | Archer |
| 16:58 | Create | Villager (Male) |
| 17:01 | Research | Horse Collar |
| 17:04 | Create | Villager (Male) |
| 17:06 | Build | Farm |
| 17:07 | Create | Villager (Male) |
| 17:11 | Build | Palisade Gate |
| 17:31 | Create | Archer |
| 17:37 | Build | Palisade Wall |
| 17:40 | Build | Palisade Wall |
| 17:42 | Build | Palisade Wall |
| 17:47 | Build | Farm |
| 17:49 | Create | Archer |
| 17:58 | Create | Villager (Male) |
| 18:01 | Build | House |
| 18:02 | Build | House |
| 18:04 | Build | Palisade Wall |
| 18:18 | Build | House |
| 18:44 | Build | House |
| 18:53 | Research | Castle Age |
| 18:53 | Research | Castle Age |
| 19:12 | Create | Villager (Male) |
| 19:58 | Build | Lumber Camp |
| 20:25 | Build | Farm |
| 20:50 | Build | Stable |
| 21:21 | Create | Villager (Male) |
| 21:33 | Age | Castle Age |
| 21:36 | Research | Light Cavalry (upgrade) |
| 21:39 | Research | Forging |
| 21:41 | Create | Villager (Male) |
| 21:55 | Create | Scout Cavalry |
| 22:05 | Create | Scout Cavalry |
| 22:09 | Build | Stable |
| 22:16 | Create | Villager (Male) |
Build order — Shoskid
103 actions detected in the replay
| 0:00 | Create | Villager (Male) |
| 0:00 | Create | Villager (Male) |
| 0:01 | Create | Villager (Male) |
| 0:01 | Create | Villager (Male) |
| 0:02 | Build | House |
| 0:03 | Build | House |
| 1:19 | Create | Villager (Male) |
| 1:56 | Build | Lumber Camp |
| 1:59 | Create | Villager (Male) |
| 2:16 | Create | Villager (Male) |
| 2:41 | Create | Villager (Male) |
| 3:19 | Create | Villager (Male) |
| 3:47 | Create | Villager (Male) |
| 3:48 | Create | Villager (Male) |
| 4:00 | Build | Mill |
| 4:06 | Build | House |
| 4:13 | Build | House |
| 4:16 | Build | Palisade Wall |
| 4:24 | Build | Palisade Wall |
| 4:42 | Create | Villager (Male) |
| 4:42 | Create | Villager (Male) |
| 4:47 | Create | Villager (Male) |
| 5:17 | Create | Villager (Male) |
| 5:41 | Build | Palisade Wall |
| 5:51 | Build | Palisade Wall |
| 5:55 | Create | Villager (Male) |
| 6:05 | Build | Palisade Wall |
| 6:22 | Build | Palisade Wall |
| 6:25 | Build | Palisade Wall |
| 6:26 | Build | Palisade Wall |
| 6:39 | Build | Mill |
| 6:41 | Create | Villager (Male) |
| 6:41 | Create | Villager (Male) |
| 6:41 | Create | Villager (Male) |
| 7:22 | Build | Mining Camp |
| 7:46 | Research | Loom |
| 8:34 | Research | Feudal Age |
| 8:50 | Build | Palisade Wall |
| 8:52 | Build | Palisade Wall |
| 8:53 | Build | Palisade Wall |
| 8:54 | Build | Palisade Wall |
| 8:56 | Build | Palisade Wall |
| 8:59 | Build | Palisade Wall |
| 10:44 | Age | Feudal Age |
| 11:21 | Build | Market |
| 11:24 | Build | Blacksmith |
| 12:15 | Build | House |
| 12:41 | Build | Watch Tower |
| 13:37 | Research | Castle Age |
| 13:53 | Build | House |
| 14:13 | Build | Farm |
| 14:15 | Build | Farm |
| 14:26 | Build | Farm |
| 15:05 | Build | Palisade Wall |
| 15:48 | Build | House |
| 16:14 | Build | Watch Tower |
| 16:17 | Age | Castle Age |
| 16:27 | Build | Siege Workshop |
| 16:34 | Build | Monastery |
| 16:38 | Create | Villager (Male) |
| 16:39 | Create | Villager (Male) |
| 17:10 | Create | Mangonel |
| 17:16 | Create | Monk |
| 17:35 | Build | Monastery |
| 17:37 | Research | Sanctity |
| 17:39 | Create | Villager (Male) |
| 18:26 | Create | Monk |
| 18:28 | Create | Monk |
| 18:39 | Create | Villager (Male) |
| 19:05 | Create | Monk |
| 19:05 | Create | Monk |
| 19:13 | Build | Palisade Wall |
| 19:14 | Build | Palisade Wall |
| 19:15 | Build | Palisade Wall |
| 19:16 | Build | Palisade Wall |
| 19:20 | Build | Palisade Wall |
| 19:22 | Build | Palisade Wall |
| 19:24 | Build | Palisade Wall |
| 19:37 | Create | Mangonel |
| 20:02 | Create | Mangonel |
| 20:46 | Create | Monk |
| 20:46 | Create | Monk |
| 21:00 | Build | House |
| 21:31 | Create | Monk |
| 21:31 | Create | Monk |
| 21:34 | Create | Armored Elephant |
| 21:39 | Build | House |
| 21:54 | Build | Palisade Wall |
| 21:55 | Create | Villager (Male) |
| 21:56 | Create | Villager (Male) |
| 22:06 | Build | Mining Camp |
| 22:31 | Create | Monk |
| 22:32 | Create | Monk |
| 22:50 | Build | Palisade Wall |
| 23:15 | Create | Monk |
| 23:16 | Create | Monk |
| 23:23 | Create | Scorpion |
| 24:15 | Create | Mangonel |
| 24:46 | Create | Villager (Male) |
| 24:47 | Create | Villager (Male) |
| 24:47 | Create | Villager (Male) |
| 24:53 | Build | Siege Workshop |
| 25:01 | Build | House |
Match timeline
| 4:16 | Shoskid · wall_segment Palisade Wall x2 |
| 4:24 | Shoskid · wall_segment Palisade Wall x6 |
| 5:11 | Young Carter · wall_segment Palisade Wall x1 |
| 5:11 | Young Carter · wall_segment Palisade Wall x1 |
| 5:12 | Young Carter · wall_segment Palisade Wall x1 |
| 5:40 | Young Carter · wall_segment Palisade Wall x1 |
| 5:41 | Shoskid · wall_segment Palisade Wall x1 |
| 5:41 | Young Carter · wall_segment Palisade Wall x1 |
| 5:41 | Young Carter · wall_segment Palisade Wall x1 |
| 5:45 | Young Carter · wall_segment Palisade Wall x8 |
| 5:51 | Shoskid · wall_segment Palisade Wall x4 |
| 6:05 | Shoskid · wall_segment Palisade Wall x5 |
| 6:22 | Shoskid · wall_segment Palisade Wall x4 |
| 6:25 | Shoskid · wall_segment Palisade Wall x1 |
| 6:26 | Shoskid · wall_segment Palisade Wall x5 |
| 8:50 | Shoskid · wall_segment Palisade Wall x1 |
| 8:52 | Shoskid · wall_segment Palisade Wall x1 |
| 8:53 | Shoskid · wall_segment Palisade Wall x1 |
| 8:54 | Shoskid · wall_segment Palisade Wall x1 |
| 8:56 | Shoskid · wall_segment Palisade Wall x1 |
| 8:59 | Shoskid · wall_segment Palisade Wall x1 |
| 9:12 | Young Carter · age_up feudal |
| 9:14 | Young Carter · first_building Archery Range |
| 10:25 | Young Carter · wall_segment Palisade Wall x1 |
| 10:25 | Young Carter · wall_segment Palisade Wall x1 |
| 10:44 | Shoskid · age_up feudal |
| 13:15 | Young Carter · wall_segment Palisade Wall x4 |
| 13:15 | Young Carter · wall_segment Palisade Wall x1 |
| 14:40 | Young Carter · wall_segment Palisade Wall x1 |
| 15:05 | Shoskid · wall_segment Palisade Wall x1 |
| 15:59 | Shoskid · first_market_buy 100 stone |
| 16:05 | Young Carter · wall_segment Palisade Wall x5 |
| 16:12 | Young Carter · wall_segment Palisade Wall x6 |
| 16:17 | Shoskid · age_up castle |
| 16:23 | Young Carter · wall_segment Palisade Wall x7 |
| 16:24 | Young Carter · wall_segment Palisade Wall x1 |
| 16:26 | Young Carter · wall_segment Palisade Wall x11 |
| 16:27 | Shoskid · first_building Siege Workshop |
| 16:34 | Shoskid · first_building Monastery |
| 17:37 | Young Carter · wall_segment Palisade Wall x1 |
| 17:40 | Young Carter · wall_segment Palisade Wall x1 |
| 17:42 | Young Carter · wall_segment Palisade Wall x4 |
| 18:04 | Young Carter · wall_segment Palisade Wall x1 |
| 19:13 | Shoskid · wall_segment Palisade Wall x1 |
| 19:14 | Shoskid · wall_segment Palisade Wall x1 |
| 19:15 | Shoskid · wall_segment Palisade Wall x1 |
| 19:16 | Shoskid · wall_segment Palisade Wall x1 |
| 19:20 | Shoskid · wall_segment Palisade Wall x1 |
| 19:22 | Shoskid · wall_segment Palisade Wall x1 |
| 19:24 | Shoskid · wall_segment Palisade Wall x1 |
| 20:50 | Young Carter · first_building Stable |
| 21:33 | Young Carter · age_up castle |
| 21:54 | Shoskid · wall_segment Palisade Wall x1 |
| 22:50 | Shoskid · wall_segment Palisade Wall x1 |
| 25:44 | Young Carter · resign |
[ AI ANALYSIS · 1 CREDIT ]
What really happened in this match?
Wolo.gg analyzes every decision: build order, eco, micro, common mistakes by bracket. Personalized analysis on WhatsApp or Discord in 30 seconds.
Civ guide
Khmer
Perfil
Jugador #4453778